 Dungeon Sprint DCSS version 0.31-a0-331-geda263fcf1 (webtiles) character file.

Game seed: 8773090042998727539

528666 HallandMoats the Ex Machina (level 21, 204/204 HPs)
             Began as a Gnoll Monk on July 19, 2023.
             Was the Champion of Qazlal.
             Escaped with the Orb!
             The game lasted 00:42:29 (9911 turns).

HallandMoats the Ex Machina (Gnoll Monk)            Turns: 9911, Time: 00:42:30

Health: 204/204    AC: 48    Str: 30    XL:     21   Next: 7%
Magic:  46/46      EV: 17    Int: 19    God:    Qazlal [******]
Gold:   0          SH: 44    Dex: 13    Spells: 74/74 levels left

rFire   + + .        u - +16 obsidian axe {drain, demonic, Mesm Drain Fly SInv}
rCold   + . .        v - +18 shield of the Gong {Loud rN+ Will+ rCorr EV-5}
rNeg    + + +        H - +9 scales of the Dragon King {rPois rF+ rC+ Will+}
rPois   +            O - +0 helmet of the Hills {Str+2 Int+2 Slay+3}
rElec   .            F - +2 cloak {rPois}
rCorr   +            G - +2 pair of gloves "Kuephi Annyh" {+Blink rN+}
SInv    +            N - +2 pair of slick slippers {slick, slippery, EV+4}
Will    ++++.        Q - amulet "Baickial" {Acrobat Contam rCorr Str+3 Slay+3}
Stlth   +            E - ring "Lymuf" {rN+ Str+5 Int+6 Stlth-}
HPRegen 0.54/turn    l - ring of Equilibrium {rF+ Will+}
MPRegen 0.30/turn

%: no teleportation, repel missiles, acrobat
@: flying, studying 9 skills
A: fangs 1, strong nose, distributed training, clumsy 1, deterioration 1, low MP
1
0: Orb of Zot
a: Renounce Religion, Evoke Blink, Upheaval, Elemental Force, Disaster Area


You escaped.
You worshipped Qazlal.
Qazlal was exalted by your worship.
You visited 1 branch

Inventory:

Hand Weapons
 u - the +16 obsidian axe (weapon) {drain, demonic, Mesm Drain Fly SInv}
   (You found it in the Dungeon)

   Mesm:      Its wielder is mesmerised by any visible foes, and it cannot be
   unequipped while any foes are visible.
   SInv:      It lets you see invisible.
   Fly:       It grants you flight.
   Drain:     It drains your maximum health when unequipped.
 z - the +8 arc blade {discharge, rElec}
   (You took it off an orc priest in the Dungeon)

   rElec:     It insulates you from electricity.
 A - the +5 woodcutter's axe
   (You found it in the Dungeon)
 D - the +8 demon trident "Rift" {distort, reach+}
   (You found it in the Dungeon)
 J - the +6 arbalest "Damnation" {damnation}
   (You found it in the Dungeon)
 K - the +8 Wrath of Trog {antimagic, *Rage Rampage}
   (You took it off a deep elf pyromancer in the Dungeon)

   It causes slowness and exhaustion when equipped.
   It extends the wielder's berserk rage when killing foes.
   *Rage:     It berserks you when you make melee attacks (+50% chance).
   Rampage:   It bestows one free step when moving towards enemies.
 T - the +2 Maxwell's thermic engine {flame, freeze, rev}
   (You found it in the Dungeon)
 X - the +8 Vampire's Tooth {megavamp}
   (You found it in the Dungeon)
Armour
 k - +5 gold dragon scales
 v - the +18 shield of the Gong (worn) {Loud rN+ Will+ rCorr EV-5}
   (You found it in the Dungeon)

   Loud:      It is deafeningly noisy when blocking attacks.
   EV:        It affects your evasion (-5).
   rN:        It protects you from negative energy.
   rCorr:     It protects you from acid and corrosion.
   Will:      It increases your willpower.
 F - a +2 cloak of poison resistance (worn)
 G - the +2 pair of gloves "Kuephi Annyh" (worn) {+Blink rN+}
   (You found it in the Dungeon)

   rN:        It protects you from negative energy.
   +Blink:    It lets you blink.
 H - the +9 scales of the Dragon King (worn) {rPois rF+ rC+ Will+}
   (You found it in the Dungeon)

   rF:        It protects you from fire.
   rC:        It protects you from cold.
   rPois:     It protects you from poison.
   Will:      It increases your willpower.
 N - the +2 pair of slick slippers (worn) {slick, slippery, EV+4}
   (You found it in the Dungeon)

   Slick:     Its wearer cannot be constricted, engulfed, netted or webbed.
   Slippery:  Its wearer slips away from damaging melee attacks, pulling the
   attacker onward.
   EV:        It affects your evasion (+4).
 O - the +0 helmet of the Hills (worn) {Str+2 Int+2 Slay+3}
   (You found it in the Dungeon)

   Str:       It affects your strength (+2).
   Int:       It affects your intelligence (+2).
   Slay:      It affects your accuracy & damage with ranged weapons and melee
   (+3).
 R - the +4 Cigotuvi's embrace {Corpsefed rMiasma Drain rN+}
   (You found it in the Dungeon)

   Corpsefed: It gathers nearby corpses to temporarily increase the armour it
   provides.
   rMiasma:   It protects you from foul pestilence.
   rN:        It protects you from negative energy.
   Drain:     It drains your maximum health when unequipped.
 U - the +3 pair of mountain boots {steadfast, rC+}
   (You found it in the Dungeon)

   Steadfast: It prevents involuntary movement, except for blinking,
   teleportation, or banishment.
   rC:        It protects you from cold.
 W - the +5 Storm Queen's Shield {shock, Fly rElec}
   (You found it in the Dungeon)

   Shock:     When it blocks an attack, it may electrocute the attacker.
   This works even against foes who are a short distance away.
   rElec:     It insulates you from electricity.
   Fly:       It grants you flight.
Jewellery
 l - the ring of Equilibrium (right hand) {rF+ Will+}
   (You found it in the Dungeon)

   [ring of willpower]

   rF:        It protects you from fire.
   Will:      It increases your willpower.
 E - the ring "Lymuf" (left hand) {rN+ Str+5 Int+6 Stlth-}
   (You found it in the Dungeon)

   [ring of intelligence]

   Str:       It affects your strength (+5).
   Int:       It affects your intelligence (+6).
   rN:        It protects you from negative energy.
   Stlth:     It makes you less stealthy.
 P - the ring of the Tortoise {AC+8}
   (You found it in the Dungeon)

   [ring of protection]

   AC:        It affects your AC (+8).
 Q - the amulet "Baickial" (around neck) {Acrobat Contam rCorr Str+3 Slay+3}
   (You took it off a vault guard in the Dungeon)

   [amulet of the acrobat]

   It increases your evasion while moving and waiting.
   Str:       It affects your strength (+3).
   Slay:      It affects your accuracy & damage with ranged weapons and melee
   (+3).
   Contam:    It causes magical contamination when unequipped.
   rCorr:     It protects you from acid and corrosion.
 S - the ring "Niafi" {Wiz Dex+4}
   (You found it in the Dungeon)

   [ring of wizardry]

   It improves your spell success rate.
   Dex:       It affects your dexterity (+4).
 V - an amulet of guardian spirit
Talismans
 w - a dragon-blood talisman
Wands
 r - a wand of mindburst (17)
 s - a wand of iceblast (22)
 t - a wand of light (42)
 B - a wand of paralysis (46)
 C - a wand of flame (63)
 L - a wand of polymorph (11)
 M - a wand of digging (5)
Scrolls
 j - 4 scrolls of blinking
 n - 4 scrolls of amnesia
 o - 11 scrolls of fog
 p - 5 scrolls of identify
 q - 2 scrolls of fear
 x - 4 scrolls of enchant weapon
 y - 8 scrolls of brand weapon
 Y - 4 scrolls of enchant armour
Potions
 a - 2 potions of brilliance
 b - a potion of invisibility
 c - a potion of ambrosia
 d - a potion of resistance
 e - 10 potions of curing
 f - 7 potions of heal wounds
 g - 5 potions of haste
 h - 5 potions of magic
 m - 4 potions of might
Miscellaneous
 I - a phantom mirror


   Skills:
 O Level 27 Fighting
 O Level 27 Short Blades
 O Level 27 Long Blades
 O Level 27 Axes
 O Level 27 Maces & Flails
 O Level 27 Polearms
 O Level 27 Staves
 O Level 27 Ranged Weapons
 O Level 27 Throwing
 O Level 27 Armour
 O Level 27 Dodging
 O Level 27 Stealth
 O Level 27 Shields
 O Level 27 Unarmed Combat
 O Level 27 Spellcasting
 O Level 27 Conjurations
 O Level 27 Hexes
 O Level 27 Summonings
 O Level 27 Necromancy
 O Level 27 Translocations
 O Level 27 Transmutations
 O Level 27 Fire Magic
 O Level 27 Ice Magic
 O Level 27 Air Magic
 O Level 27 Earth Magic
 O Level 27 Poison Magic
 O Level 27 Invocations
 O Level 27 Evocations
 O Level 27 Shapeshifting


You had 74 spell levels left.
You didn't know any spells.
Your spell library contained the following spells:

 Spells                   Type           Power      Damage    Failure   Level
 Apportation              Tloc           100%       N/A       0%          1
 Freeze                   Ice            100%       1d10      0%          1
 Kiss of Death            Conj/Necr      100%       2d13      0%          1
 Magic Dart               Conj           100%       1d8       0%          1
 Necrotise                Necr           100%       1d9       0%          1
 Sandblast                Erth           100%       2d20      0%          1
 Shock                    Conj/Air       100%       1d9       0%          1
 Slow                     Hex            100%       N/A       0%          1
 Sting                    Tmut/Pois      100%       1d8       0%          1
 Summon Small Mammal      Summ           100%       N/A       0%          1
 Blink                    Tloc           100%       N/A       0%          2
 Call Imp                 Summ           100%       N/A       0%          2
 Cigotuvi's Dreadful Rot  Necr/Pois/Air  100%       N/A       0%          2
 Ensorcelled Hibernation  Hex/Ice        100%       N/A       0%          2
 Lesser Beckoning         Tloc           100%       N/A       0%          2
 Momentum Strike          Conj/Tloc      100%       3d10      0%          2
 Passwall                 Tmut/Erth      75%        N/A       0%          2
 Poisonous Vapours        Pois/Air       100%       N/A       0%          2
 Scorch                   Fire           100%       2d9       0%          2
 Sublimation of Blood     Necr           91%        N/A       0%          2
 Wereblood                Tmut           91%        N/A       0%          2
 Call Canine Familiar     Summ           91%        N/A       0%          3
 Confusing Touch          Hex            91%        N/A       0%          3
 Dazzling Flash           Conj/Hex       100%       N/A       0%          3
 Frozen Ramparts          Ice            100%       1d16      0%          3
 Gell's Gravitas          Tloc           91%        N/A       0%          3
 Hailstorm                Conj/Ice       91%        3d18      0%          3
 Ignite Poison            Fire/Tmut/Pois 91%        N/A       0%          3
 Inner Flame              Hex/Fire       91%        N/A       0%          3
 Mephitic Cloud           Conj/Pois/Air  91%        N/A       0%          3
 Ozocubu's Armour         Ice            91%        N/A       0%          3
 Portal Projectile        Hex/Tloc       100%       N/A       0%          3
 Stone Arrow              Conj/Erth      100%       3d13      0%          3
 Summon Guardian Golem    Hex/Summ       91%        N/A       0%          3
 Swiftness                Air            91%        N/A       0%          3
 Teleport Other           Tloc           91%        N/A       0%          3
 Tukima's Dance           Hex            91%        N/A       0%          3
 Vampiric Draining        Necr           91%        2d12      0%          3
 Vhi's Electric Charge    Tloc/Air       100%       N/A       0%          3
 Volatile Blastmotes      Fire/Tloc      100%       2d18      0%          3
 Airstrike                Air            45%        2d(7-23)  0%          4
 Anguish                  Hex/Necr       45%        N/A       0%          4
 Animate Armour           Summ/Erth      100%       N/A       0%          4
 Animate Dead             Necr           91%        N/A       0%          4
 Cause Fear               Hex            45%        N/A       0%          4
 Dispel Undead            Necr           91%        3d29      0%          4
 Flame Wave               Conj/Fire      91%        2d19      0%          4
 Fulminant Prism          Conj/Hex       45%        3d21      0%          4
 Iskenderun's Mystic Bla  Conj/Tloc      91%        2d18      0%          4
 Leda's Liquefaction      Hex/Erth       45%        N/A       0%          4
 Manifold Assault         Tloc           91%        N/A       0%          4
 Olgreb's Toxic Radiance  Pois           91%        N/A       0%          4
 Passage of Golubria      Tloc           91%        N/A       0%          4
 Petrify                  Tmut/Erth      91%        N/A       0%          4
 Sticky Flame             Conj/Fire      91%        2d10      0%          4
 Summon Ice Beast         Ice/Summ       91%        N/A       0%          4
 Summon Lightning Spire   Summ/Air       91%        N/A       0%          4
 Agony                    Necr           91%        N/A       0%          5
 Alistair's Intoxication  Tmut/Pois      60%        N/A       0%          5
 Arcjolt                  Conj/Air       45%        1d55      0%          5
 Borgnjor's Vile Clutch   Necr/Erth      45%        N/A       0%          5
 Fireball                 Conj/Fire      45%        3d18      0%          5
 Freezing Cloud           Conj/Ice/Air   45%        6-21      0%          5
 Irradiate                Conj/Tmut      45%        3d26      0%          5
 Iskenderun's Battlesphe  Conj           91%        2d14      0%          5
 Lee's Rapid Deconstruct  Erth           45%        3d22*     0%          5
 Metabolic Englaciation   Hex/Ice        45%        N/A       0%          5
 Silence                  Hex/Air        45%        N/A       0%          5
 Summon Forest            Summ/Tloc      45%        N/A       0%          5
 Summon Mana Viper        Hex/Summ       91%        N/A       0%          5
 Yara's Violent Unravell  Hex/Tmut       45%        3d18      0%          5
 Conjure Ball Lightning   Conj/Air       45%        3x3d16    0%          6
 Death Channel            Necr           45%        N/A       0%          6
 Dispersal                Tloc           45%        N/A       0%          6
 Eringya's Noxious Bog    Tmut/Pois      45%        4d6       0%          6
 Leda's Unmaking          Conj/Erth      45%        9d8       0%          6
 Plasma Beam              Fire/Air       45%        2x1d60    0%          6
 Simulacrum               Ice/Necr       45%        N/A       0%          6
 Starburst                Conj/Fire      45%        6d13      0%          6
 Summon Cactus Giant      Summ           45%        N/A       0%          6
 Enfeeble                 Hex            45%        N/A       1%          7
 Haunt                    Necr/Summ      45%        N/A       1%          7
 Malign Gateway           Summ/Tloc      45%        N/A       1%          7
 Orb of Destruction       Conj           45%        9d12      1%          7
 Ozocubu's Refrigeration  Ice            45%        4d17      1%          7
 Spellforged Servitor     Conj/Summ      45%        N/A       1%          7
 Summon Hydra             Summ           45%        N/A       1%          7
 Discord                  Hex            45%        N/A       1%          8
 Disjunction              Tloc           45%        N/A       1%          8
 Ignition                 Fire           45%        3d13      1%          8
 Lehudib's Crystal Spear  Conj/Erth      45%        10d11     1%          8
 Summon Horrible Things   Summ           45%        N/A       1%          8
 Chain Lightning          Conj/Air       45%        3d60      11%         9
 Dragon's Call            Summ           45%        N/A       11%         9
 Fire Storm               Conj/Fire      45%        8d12      11%         9
 Shatter                  Erth           45%        3d35*     11%         9


Dungeon Overview and Level Annotations

Branches:
Dungeon (1/1)

Altars:
Ashenzari
Cheibriados
Dithmenos
Elyvilon
Fedhas
Gozag
Hepliaklqana
Kikubaaqudgha
Makhleb
Nemelex Xobeh
Okawaru
Qazlal
Ru
Sif Muna
Trog
Uskayaw
Vehumet
Wu Jian
Xom
Yredelemnul
Zin
The Shining One
Jiyva
Lugonu


Innate Abilities, Weirdness & Mutations

You have very sharp teeth.
Your uncanny sense of smell can sniff out nearby items.
Your experience applies equally to all skills.
You are clumsy. (Dex -2)
Your body sometimes deteriorates upon taking damage.
Your magical capacity is low. (-10% MP)


Message History

The cacodemon is almost dead.
You block the cacodemon's attack.
BOUMMMMG!
You block the cacodemon's attack.
GONNNNG!
Unknown command.
You slice the cacodemon like a ripe choko!!!
You open a gate to Pandemonium!
A demon appears!
You break out of your daze!
You kill the cacodemon!
Qazlal accepts your kill.
Items here: )) [[.
You swap places.
There is a staircase leading out of the dungeon, spattered with blood here.
You start waiting.
You are no longer corroded.
Unknown command.
You start waiting.
Your red devil is engulfed in freezing vapours.
Unknown command.
You start waiting.
Your red devil is engulfed in freezing vapours.
You kill your red devil!
Your red devil disappears in a puff of smoke!
Unknown command.
You start waiting.
Unknown command.
You start waiting.
Unknown command.
You start waiting.
Unknown command.
You start waiting.
Unknown command.
You start waiting.
Unknown command.
You start waiting.
You start waiting.
A Tzitzimitl comes into view.
Visions of slaying the Tzitzimitl flood into your mind.
You have escaped!

.))).).)....▓......)).....▓...8©8
..)....)....▓..▓.......▓..▓..||..
...)..[.....▓.............▓..=|[|
...)[.......▓.............▓......
...)........▓......©......▓......
..))........▓▓▓▓▓▓▓▓▓▓▓▓▓▓▓....))
▓.).)...▓...▓8888888888888▓....))
.▓))|..▓.▓..▓8)))○.)..1..8▓..▓...
▓.......▓...▓8☼○@..)))©..8▓.▓....
............▓8....).).)..8▓....©.
....©.......▓8888888888888▓▓▓▓▓▓▓
▓▓▓▓▓▓▓▓▓▓▓▓▓▓▓▓▓▓▓▓▓▓▓▓▓▓▓▓▓▓▓▓▓
.....8©8........▓..).[...8©8.|...
):.||)=[|==).)".▓.....).[:):)..).
.)=|=):)).||)=).▓.|.)...[[|..[..[
......[[)[..."[.▓∆...):)=.|.)....
....:...........▓"...............


You could see a Tzitzimitl.

Vanquished Creatures
  2 seraphim (D)
  4 shard shrikes (D)
  2 caustic shrikes (D)
  6 Brimstone Fiends (D)
  3 Tzitzimimeh (D)
  4 hellephants (D)
  16 Ice Fiends (D)
  7 liches (D)
  5 pandemonium lords (D)
  8 Orb Guardians (D)
  3 deep elf blademasters (D)
  11 searing wretches (D)
  7 acid blobs (D)
  A deep elf master archer (D)
  3 krakens (D)
  9 ancient champions (D)
  An Executioner (D)
  6 shadow dragons (D)
  6 storm dragons (D)
  2 daevas (D)
  A draconian knight (D)
  3 draconian monks (D)
  10 narguns (D)
  17 rockslimes (D)
  16 azure jellies (D)
  2 fire giants (D)
  4 deep elf sorcerers (D)
  2 iron dragons (D)
  7 balrugs (D)
  2 draconian stormcallers (D)
  3 draconian scorchers (D)
  7 frost giants (D)
  4 draconian shifters (D)
  6 angels (D)
  2 reapers (D)
  2 demonspawn corrupters (D)
  A ghoul (D)
  A draconian annihilator (D)
  A demonspawn blood saint (D)
  A quicksilver ooze (D)
  A stone giant (D)
  4 war gargoyles (D)
  An ophan (D)
  A vampire knight (D)
  6 green draconians (D)
  A demonspawn black sun (D)
  2 cacodemons (D)
  An apis (D)
  6 red draconians (D)
  A lorocyproca (D)
  3 yellow draconians (D)
  A black draconian (D)
  3 white draconians (D)
  3 purple draconians (D)
  14 wendigos (D)
  7 blizzard demons (D)
  5 deep elf high priests (D)
  9 great orbs of eyes (D)
  3 yaktaur captains (D)
  17 vault guards (D)
  6 ice dragons (D)
  2 hell beasts (D)
  7 spriggan air magi (D)
  2 stokers (D)
  2 hell hogs (D)
  2 dancing weapons (D)
  4 soul eaters (D)
  2 spriggans (D)
  4 deep elf knights (D)
  3 sun demons (D)
  A crystal echidna (D)
  A sixfirhy (D)
  A skeletal warrior (D)
  A shadow demon (D)
  2 glowing orange brains (D)
  3 cherubim (D)
  A wizard (D)
  4 deep elf archers (D)
  A necromancer (D)
  3 deep elf zephyrmancers (D)
  5 deep elf pyromancers (D)
  An orc sorcerer (D)
  6 shining eyes (D)
  2 draconians (D)
  A black mamba (D)
  A smoke demon (D)
  7 eyes of devastation (D)
  5 large abominations (D)
  5 hellions (D)
  4 orange demons (D)
  6 freezing wraiths (D)
  A yaktaur (D)
  5 rime drakes (D)
  5 tormentors (D)
  9 ice devils (D)
  An ancient zyme (D)
  A red devil (D)
  6 polar bears (D)
  4 wind drakes (D)
  A hornet (D)
  3 shadows (D)
  46 slime creatures (D)
  3 air elementals (D)
  18 golden eyes (D)
  A water elemental (D)
  3 chaos spawn (D)
  2 neqoxecs (D)
  3 small abominations (D)
  2 water moccasins (D)
  3 floating eyes (D)
  7 orc warriors (D)
  5 ice beasts (D)
  A wolf (D)
  A wight (D)
  A crimson imp (D)
  A quasit (D)
  9 jellies (D)
  2 orc priests (D)
  2 iron imps (D)
  2 shadow imps (D)
  9 white imps (D)
  An ufetubus (D)
  An adder skeleton (D)
  2 adder simulacra (D)
  An orc (D)
  A spectral bat (D)
  4 bat skeletons (D)
  A bat zombie (D)
  2 endoplasms (D)
  A ball python (D)
  2 ball python simulacra (D)
  A bat simulacrum (D)
  2 giant cockroach simulacra (D)
  A giant cockroach zombie (D)
  A jackal skeleton (D)
  2 quokka simulacra (D)
  A quokka skeleton (D)
  A quokka zombie (D)
  A spectral giant cockroach (D)
  2 fire vortices (D)
  7 tentacles (D)
574 creatures vanquished.

Vanquished Creatures (collateral kills)
  A hellephant (D)
  A searing wretch (D)
  An ancient champion (D)
  2 storm dragons (D)
  A very ugly thing (D)
  A white draconian (D)
  2 yellow draconians (D)
  3 soul eaters (D)
  A spriggan druid (D)
  A shining eye (D)
  A draconian (D)
  A black mamba (D)
  A spriggan (D)
  A shadow (D)
  A wolf (D)
  A crimson imp (D)
  A quasit (D)
  2 iron imps (D)
  A small abomination (D)
  A white imp (D)
  3 orcs (D)
  A ball python (D)
  A bat zombie (D)
  2 fire vortices (D)
32 creatures vanquished.

Vanquished Creatures (others)
  2 balrugs (D)
  A cacodemon (D)
  A demonspawn blood saint (D)
  A green draconian (D)
  A black draconian (D)
  A lorocyproca (D)
  3 green deaths (D)
  A great orb of eyes (D)
  3 hell beasts (D)
  8 hell hogs (D)
  4 sun demons (D)
  12 sixfirhies (D)
  A cherub (D)
  2 toenail golems (D)
  A rust devil (D)
  2 smoke demons (D)
  10 orange demons (D)
  3 hellions (D)
  An efreet (D)
  3 red devils (D)
  A hellwing (D)
  4 ynoxinuls (D)
  16 large abominations (D)
  5 golden eyes (D)
  7 chaos spawn (D)
  2 neqoxecs (D)
  2 hell hounds (D)
  4 small abominations (D)
  A shadow imp (D)
  A white imp (D)
  6 tentacles (D)
110 creatures vanquished.

Grand Total: 716 creatures vanquished

Notes
Turn   | Place    | Note
-------+----------+-------------------------------------------
     0 | D        | HallandMoats the Gnoll Monk began the quest for the Orb.
     0 | D        | Reached XP level 1. HP: 23/23 MP: 1/1
    18 | D        | Found a blossoming altar of Fedhas.
    18 | D        | Found the +6 Majin-Bo {spellvamp, MP+6 Int+6}
    18 | D        | Found the +27 heavy crossbow "Sniper" {heavy, Acc+∞ SInv}
    18 | D        | Found the +10 dark maul {heavy}
    18 | D        | Found the +15 Maxwell's patent armour {-Cast -Tele rElec
                  | Will+ rCorr}
    18 | D        | Found the +18 shield of the Gong {Loud rN+ Will+ rCorr
                  | EV-5}
    18 | D        | Found the +16 obsidian axe {drain, demonic, Mesm Drain Fly
                  | SInv}
    18 | D        | Found the +7 great mace "Firestarter" {flame, immolate,
                  | rFlCloud rF++}
    18 | D        | Found the +6 shillelagh "Devastator" {shatter}
    18 | D        | Found the +11 plutonium sword {Contam Stlth-}
    18 | D        | Found the +8 lance "Wyrmbane" {slay drac, rPois rF+ rC+
                  | AC+3}
    18 | D        | Found the +9 sword of Zonguldrok {reap}
    18 | D        | Found the +13 scythe of Curses {drain, curses, Drain}
    18 | D        | Found the +9 sword of Power {lifebolt}
    18 | D        | Found the +7 mace of Variability {chaos, chaos arc}
    18 | D        | Found the +11 Singing Sword {sonic wave}
    18 | D        | Found the +8 storm bow {elec, penet}
    19 | D        | Found a shimmering blue altar of Sif Muna.
    19 | D        | Found a sacrificial altar of Ru.
    19 | D        | Found a bloodstained altar of Trog.
    19 | D        | Found a stormy altar of Qazlal.
    19 | D        | Found an iron altar of Okawaru.
    19 | D        | Found a sparkling altar of Nemelex Xobeh.
    21 | D        | Found a transporter.
    21 | D        | Found an ancient bone altar of Kikubaaqudgha.
    21 | D        | Found a viscous altar of Jiyva.
    21 | D        | Found a corrupted altar of Lugonu.
    21 | D        | Found a hazy altar of Hepliaklqana.
    21 | D        | Found a burning altar of Makhleb.
    21 | D        | Found an opulent altar of Gozag.
    59 | D        | Became a worshipper of Qazlal Stormbringer
    59 | D        | Reached * piety under Qazlal
    59 | D        | Reached ** piety under Qazlal
    67 | D        | Reached XP level 2. HP: 31/31 MP: 1/5
   113 | D        | Entered arena 2.
   113 | D        | Found a transporter.
   119 | D        | Got the ring of Equilibrium {rF+ Will+}
   125 | D        | Entered arena 3.
   125 | D        | Noticed a draconian
   125 | D        | Noticed a draconian
   125 | D        | Noticed a draconian
   125 | D        | Found a transporter.
   132 | D        | Killed a draconian
   133 | D        | Reached skill level 5 in Short Blades
   133 | D        | Reached skill level 5 in Long Blades
   133 | D        | Reached skill level 5 in Maces & Flails
   133 | D        | Reached skill level 5 in Polearms
   133 | D        | Reached skill level 5 in Staves
   133 | D        | Reached skill level 5 in Ranged Weapons
   133 | D        | Reached skill level 5 in Throwing
   133 | D        | Reached skill level 5 in Armour
   133 | D        | Reached skill level 5 in Stealth
   133 | D        | Reached skill level 5 in Shields
   133 | D        | Reached skill level 5 in Unarmed Combat
   133 | D        | Reached skill level 5 in Spellcasting
   133 | D        | Reached skill level 5 in Invocations
   133 | D        | Reached skill level 5 in Evocations
   133 | D        | Reached XP level 3. HP: 33/38 MP: 5/9
   133 | D        | Reached XP level 4. HP: 39/45 MP: 6/11
   133 | D        | Reached XP level 5. HP: 44/51 MP: 6/12
   133 | D        | Reached XP level 6. HP: 50/57 MP: 6/13
   133 | D        | Killed a draconian
   133 | D        | Reached *** piety under Qazlal
   134 | D        | Reached skill level 5 in Conjurations
   134 | D        | Reached skill level 5 in Hexes
   134 | D        | Reached skill level 5 in Summonings
   134 | D        | Reached skill level 5 in Necromancy
   134 | D        | Reached skill level 5 in Translocations
   134 | D        | Reached skill level 5 in Transmutations
   134 | D        | Reached skill level 5 in Fire Magic
   134 | D        | Reached skill level 5 in Ice Magic
   134 | D        | Reached skill level 5 in Air Magic
   134 | D        | Reached skill level 5 in Earth Magic
   134 | D        | Reached skill level 5 in Poison Magic
   134 | D        | Reached skill level 5 in Shapeshifting
   134 | D        | Reached XP level 7. HP: 56/64 MP: 6/16
   134 | D        | Killed a draconian
   135 | D        | Reached XP level 8. HP: 63/71 MP: 6/17
   157 | D        | Entered arena 4.
   157 | D        | Found a transporter.
   159 | D        | Reached **** piety under Qazlal
   171 | D        | Entered arena 5.
   171 | D        | Found a transporter.
   179 | D        | Reached ***** piety under Qazlal
   186 | D        | Entered arena 6.
   186 | D        | Noticed Cit Hut the pandemonium lord
   186 | D        | Found a transporter.
   197 | D        | Killed Cit Hut the pandemonium lord
   198 | D        | Reached skill level 10 in Fighting
   198 | D        | Reached skill level 10 in Axes
   198 | D        | Reached skill level 10 in Dodging
   198 | D        | Reached XP level 9. HP: 65/79 MP: 16/21
   205 | D        | Entered arena 7.
   205 | D        | Noticed a black mamba
   205 | D        | Noticed a black mamba
   206 | D        | Found a transporter.
   210 | D        | Killed a black mamba
   211 | D        | Killed a black mamba
   211 | D        | Reached ****** piety under Qazlal
   212 | D        | Reached XP level 10. HP: 68/86 MP: 19/22
   225 | D        | Got the Secrets of Therianthropy and Transportation
   228 | D        | Entered arena 8.
   228 | D        | Noticed a spriggan druid
   228 | D        | Noticed a spriggan rider
   229 | D        | Found a transporter.
   233 | D        | Killed a spriggan rider
   234 | D        | Killed a spriggan druid
   235 | D        | Reached skill level 10 in Invocations
   250 | D        | Entered arena 9.
   251 | D        | Found a transporter.
   266 | D        | Got the amulet of Henotheism {rPois Regen+ Str-5 Stlth+}
   279 | D        | Entered arena 10.
   279 | D        | Noticed a deep elf archer
   279 | D        | Noticed a deep elf pyromancer
   279 | D        | Noticed a deep elf knight
   279 | D        | Noticed a deep elf sorcerer
   279 | D        | Noticed a deep elf archer
   279 | D        | Noticed a +4 glaive of venom
   279 | D        | Noticed a deep elf knight
   280 | D        | Found a transporter.
   286 | D        | Killed a deep elf knight
   286 | D        | Killed a +4 glaive of venom
   286 | D        | Killed a deep elf knight
   286 | D        | Killed a deep elf sorcerer
   286 | D        | Killed a deep elf pyromancer
   287 | D        | Reached skill level 10 in Short Blades
   287 | D        | Reached skill level 10 in Long Blades
   287 | D        | Reached skill level 10 in Maces & Flails
   287 | D        | Reached skill level 10 in Polearms
   287 | D        | Reached skill level 10 in Staves
   287 | D        | Reached skill level 10 in Ranged Weapons
   287 | D        | Reached skill level 10 in Throwing
   287 | D        | Reached skill level 10 in Armour
   287 | D        | Reached skill level 10 in Stealth
   287 | D        | Reached skill level 10 in Shields
   287 | D        | Reached skill level 10 in Unarmed Combat
   287 | D        | Reached skill level 10 in Spellcasting
   287 | D        | Reached skill level 10 in Evocations
   287 | D        | Reached XP level 11. HP: 86/95 MP: 15/25
   287 | D        | Killed a deep elf archer
   292 | D        | Killed a deep elf archer
   301 | D        | Got the amulet "Daodic" {Regen+ Int+3}
   305 | D        | Got the Enchiridion on Calefaction and Terra Firma
   307 | D        | Got the ring "Lymuf" {rN+ Str+5 Int+6 Stlth-}
   312 | D        | Got the Catalogue of Moving Gusts
   331 | D        | Entered arena 11.
   331 | D        | Found the +8 demon trident "Rift" {distort, reach+}
   332 | D        | Found a transporter.
   366 | D        | Entered arena 12.
   366 | D        | Noticed a ghoul
   366 | D        | Noticed a soul eater
   366 | D        | Noticed a soul eater
   366 | D        | Noticed a soul eater
   366 | D        | Noticed a soul eater
   369 | D        | Found a transporter.
   374 | D        | Killed a soul eater
   377 | D        | Killed a soul eater
   377 | D        | Killed a ghoul
   378 | D        | Killed a soul eater
   379 | D        | Reached XP level 12. HP: 42/103 MP: 19/27
   381 | D        | Killed a soul eater
   391 | D        | Got the Discursus on Conjuration
   428 | D        | Entered arena 13.
   428 | D        | Noticed a vampire knight
   432 | D        | Found a transporter.
   444 | D        | Killed a vampire knight
   445 | D        | Reached skill level 10 in Conjurations
   445 | D        | Reached skill level 10 in Hexes
   445 | D        | Reached skill level 10 in Summonings
   445 | D        | Reached skill level 10 in Necromancy
   445 | D        | Reached skill level 10 in Translocations
   445 | D        | Reached skill level 10 in Transmutations
   445 | D        | Reached skill level 10 in Fire Magic
   445 | D        | Reached skill level 10 in Ice Magic
   445 | D        | Reached skill level 10 in Air Magic
   445 | D        | Reached skill level 10 in Earth Magic
   445 | D        | Reached skill level 10 in Poison Magic
   445 | D        | Reached skill level 10 in Shapeshifting
   455 | D        | Got the amulet of Bexek {RegenMP rN+ MP+9}
   458 | D        | Got Sif Muna's Papyrus of the Voyage
   461 | D        | Got the +2 pair of gloves "Kuephi Annyh" {+Blink rN+}
   478 | D        | Entered arena 14.
   478 | D        | Noticed a white draconian
   478 | D        | Noticed a green draconian
   478 | D        | Noticed a yellow draconian
   478 | D        | Noticed a white draconian
   479 | D        | Noticed a green draconian monk
   479 | D        | Noticed a purple draconian
   479 | D        | Noticed a black draconian
   479 | D        | Noticed a green draconian monk
   479 | D        | Identified the +3 rapier of HallandMoats's Anguish {holy,
                  | Str+3}
   479 | D        | Noticed a yellow draconian annihilator
   480 | D        | Noticed a purple draconian
   480 | D        | Noticed a yellow draconian
   480 | D        | Noticed a yellow draconian
   481 | D        | Found a transporter.
   483 | D        | Killed a green draconian monk
   483 | D        | Killed a white draconian
   483 | D        | Killed a green draconian monk
   483 | D        | Killed a purple draconian
   484 | D        | Killed a black draconian
   484 | D        | Killed a yellow draconian annihilator
   484 | D        | Killed a purple draconian
   484 | D        | Killed a green draconian
   489 | D        | Killed a yellow draconian
   490 | D        | Reached XP level 13. HP: 77/113 MP: 23/29
   490 | D        | Killed a yellow draconian
   490 | D        | Killed a white draconian
   491 | D        | Killed a yellow draconian
   537 | D        | Got the Octavo of Rancid Silt
   557 | D        | Entered arena 15.
   557 | D        | Noticed a rockslime
   557 | D        | Noticed a rockslime
   558 | D        | Found the +9 scales of the Dragon King {rPois rF+ rC+
                  | Will+}
   559 | D        | Noticed a rockslime
   561 | D        | Killed a rockslime
   561 | D        | Killed a rockslime
   564 | D        | Found a transporter.
   565 | D        | Killed a rockslime
   620 | D        | Entered arena 16.
   620 | D        | Noticed a rockslime
   620 | D        | Noticed a rockslime
   621 | D        | Noticed an azure jelly
   622 | D        | Killed an azure jelly
   623 | D        | Killed a rockslime
   624 | D        | Reached skill level 15 in Fighting
   624 | D        | Reached skill level 15 in Axes
   624 | D        | Reached skill level 15 in Dodging
   625 | D        | Reached skill level 15 in Invocations
   625 | D        | Found a transporter.
   627 | D        | Killed a rockslime
   805 | D        | Entered arena 17.
   808 | D        | Noticed a cyan very ugly thing
   810 | D        | Found a transporter.
   820 | D        | Killed a cyan very ugly thing
   849 | D        | Entered arena 18.
   850 | D        | Noticed an angel
   851 | D        | Noticed an apis
   851 | D        | Noticed an ophan
   851 | D        | Noticed a daeva
   852 | D        | Noticed an angel
   852 | D        | Noticed an angel
   852 | D        | Noticed an angel
   855 | D        | Killed an angel
   855 | D        | Killed an angel
   855 | D        | Killed an apis
   855 | D        | Killed an angel
   855 | D        | Killed a daeva
   856 | D        | Reached XP level 14. HP: 70/124 MP: 7/32
   863 | D        | Killed an ophan
   864 | D        | Reached skill level 15 in Evocations
   875 | D        | Killed an angel
   877 | D        | Found the +7 Spriggan's Knife {stab, EV+4 Stlth+}
   877 | D        | Found the +6 arbalest "Damnation" {damnation}
   885 | D        | Found a transporter.
   898 | D        | Got the Incunabulum of Productive Nonlocality
   910 | D        | Got Atzub's Spellbook of the Morbid Chill
   983 | D        | Entered arena 19.
   984 | D        | Noticed a caustic shrike
   985 | D        | Noticed an ancient champion
   985 | D        | Noticed an iron dragon
   985 | D        | Noticed an ancient champion
   985 | D        | Noticed an ancient champion
   985 | D        | Noticed an ancient champion
   985 | D        | Noticed a war gargoyle
   985 | D        | Noticed a war gargoyle
   985 | D        | Noticed an ancient champion
   986 | D        | Noticed a caustic shrike
   986 | D        | Noticed an ancient champion
   986 | D        | Noticed a war gargoyle
   986 | D        | Noticed a war gargoyle
   986 | D        | Noticed an iron dragon
   986 | D        | Noticed an ancient champion
   987 | D        | Noticed an ancient champion
   987 | D        | Noticed an ancient champion
   988 | D        | Killed an ancient champion
   988 | D        | Killed an ancient champion
   988 | D        | Killed a war gargoyle
   988 | D        | Killed an ancient champion
   989 | D        | Reached skill level 15 in Short Blades
   989 | D        | Reached skill level 15 in Long Blades
   989 | D        | Reached skill level 15 in Maces & Flails
   989 | D        | Reached skill level 15 in Polearms
   989 | D        | Reached skill level 15 in Staves
   989 | D        | Reached skill level 15 in Ranged Weapons
   989 | D        | Reached skill level 15 in Throwing
   989 | D        | Reached skill level 15 in Armour
   989 | D        | Reached skill level 15 in Stealth
   989 | D        | Reached skill level 15 in Shields
   989 | D        | Reached skill level 15 in Unarmed Combat
   989 | D        | Reached skill level 15 in Spellcasting
   989 | D        | Killed a war gargoyle
   989 | D        | Killed an ancient champion
   989 | D        | Killed a war gargoyle
   990 | D        | Killed an ancient champion
   990 | D        | Killed a caustic shrike
   990 | D        | Killed an ancient champion
   990 | D        | Killed an iron dragon
   992 | D        | Killed an iron dragon
   992 | D        | Killed an ancient champion
   992 | D        | Killed a war gargoyle
   992 | D        | Killed an ancient champion
   992 | D        | Noticed an ancient champion
   995 | D        | Killed a caustic shrike
   996 | D        | Killed an ancient champion
   997 | D        | Reached XP level 15. HP: 133/134 MP: 16/35
   998 | D        | Found a transporter.
  1003 | D        | Killed an ancient champion
  1021 | D        | Got the Grimoire of the Snake and Orientation
  1025 | D        | Got the Excursus on Glowing Adjuration
  1030 | D        | Got Sif Muna's Writings on the Torch and the Congregation
  1076 | D        | Entered arena 20.
  1079 | D        | Noticed a storm dragon
  1080 | D        | Noticed a storm dragon
  1080 | D        | Noticed a storm dragon
  1080 | D        | Noticed a storm dragon
  1080 | D        | Paralysed by an air elemental for 1 turns
  1080 | D        | Noticed a storm dragon
  1081 | D        | Noticed a storm dragon
  1081 | D        | Noticed a storm dragon
  1081 | D        | Noticed a storm dragon
  1081 | D        | Identified the +0 broad axe "Xousoh" {freeze, Str+3 Stlth+}
  1083 | D        | Killed a storm dragon
  1083 | D        | Killed a storm dragon
  1083 | D        | Killed a storm dragon
  1088 | D        | Killed a storm dragon
  1088 | D        | Killed a storm dragon
  1091 | D        | Killed a storm dragon
  1091 | D        | Killed a storm dragon
  1092 | D        | Killed a storm dragon
  1096 | D        | Found a transporter.
  1109 | D        | Got Byocwumn's Notes on Incineration
  1205 | D        | Entered arena 21.
  1209 | D        | Noticed a deep elf sorcerer
  1209 | D        | Noticed a deep elf blademaster
  1209 | D        | Noticed a deep elf blademaster
  1210 | D        | Identified the +8 chain mail of the Thirsty Realms {Drain
                  | rF+ Regen+ rCorr}
  1210 | D        | Noticed a deep elf blademaster
  1210 | D        | Noticed a deep elf master archer
  1210 | D        | Noticed a deep elf sorcerer
  1210 | D        | Noticed a deep elf sorcerer
  1211 | D        | Killed a deep elf blademaster
  1211 | D        | Killed a deep elf sorcerer
  1211 | D        | Killed a deep elf master archer
  1212 | D        | Killed a deep elf blademaster
  1212 | D        | Killed a deep elf sorcerer
  1213 | D        | Reached skill level 15 in Conjurations
  1213 | D        | Reached skill level 15 in Hexes
  1213 | D        | Reached skill level 15 in Summonings
  1213 | D        | Reached skill level 15 in Necromancy
  1213 | D        | Reached skill level 15 in Translocations
  1213 | D        | Reached skill level 15 in Transmutations
  1213 | D        | Reached skill level 15 in Fire Magic
  1213 | D        | Reached skill level 15 in Ice Magic
  1213 | D        | Reached skill level 15 in Air Magic
  1213 | D        | Reached skill level 15 in Earth Magic
  1213 | D        | Reached skill level 15 in Poison Magic
  1213 | D        | Reached skill level 15 in Shapeshifting
  1214 | D        | Killed a deep elf sorcerer
  1214 | D        | Identified the staff of Ancient Evil {rF+ rN+++ Will- Str+3
                  | Int-4 Fire}
  1215 | D        | Killed a deep elf blademaster
  1216 | D        | Reached XP level 16. HP: 124/145 MP: 13/37
  1216 | D        | Found a transporter.
  1329 | D        | Entered arena 22.
  1333 | D        | Found the +2 pair of slick slippers {slick, slippery, EV+4}
  1333 | D        | Identified the ring "Vawal" {rF+ rCorr Int+2 Slay-2}
  1335 | D        | Noticed a green draconian monk
  1343 | D        | Killed a green draconian monk
  1362 | D        | Found a transporter.
  1416 | D        | Got the +0 helmet of the Hills {Str+2 Int+2 Slay+3}
  1440 | D        | Entered arena 23.
  1447 | D        | Noticed a shadow dragon
  1447 | D        | Noticed a shadow dragon
  1447 | D        | Noticed a shadow dragon
  1447 | D        | Noticed a lich
  1447 | D        | Noticed a shadow dragon
  1448 | D        | Noticed a lich
  1448 | D        | Noticed a shadow dragon
  1449 | D        | Noticed a lich
  1449 | D        | Noticed a lich
  1449 | D        | Noticed a lich
  1449 | D        | Noticed a shadow dragon
  1449 | D        | Found the ring of the Tortoise {AC+8}
  1450 | D        | Killed a lich
  1450 | D        | Killed a lich
  1450 | D        | Killed a shadow dragon
  1450 | D        | Killed a lich
  1451 | D        | Killed a lich
  1451 | D        | Killed a shadow dragon
  1451 | D        | Killed a shadow dragon
  1451 | D        | Killed a shadow dragon
  1451 | D        | Killed a shadow dragon
  1451 | D        | Identified the amulet "Baickial" {Acrobat Contam rCorr
                  | Str+3 Slay+3}
  1452 | D        | Reached XP level 17. HP: 158/158 MP: 23/41
  1454 | D        | Killed a lich
  1462 | D        | Found a transporter.
  1622 | D        | Entered arena 24.
  1627 | D        | Noticed a searing wretch
  1627 | D        | Noticed a hellephant
  1627 | D        | Noticed a hellephant
  1627 | D        | Noticed a hellephant
  1627 | D        | Noticed a searing wretch
  1627 | D        | Noticed a searing wretch
  1627 | D        | Noticed a searing wretch
  1628 | D        | Noticed a searing wretch
  1628 | D        | Noticed a searing wretch
  1628 | D        | Noticed a searing wretch
  1628 | D        | Noticed a searing wretch
  1628 | D        | Noticed a Brimstone Fiend
  1628 | D        | Noticed a searing wretch
  1628 | D        | Noticed a Brimstone Fiend
  1628 | D        | Noticed a hellephant
  1628 | D        | Noticed a searing wretch
  1628 | D        | Noticed a searing wretch
  1629 | D        | Noticed a searing wretch
  1629 | D        | Noticed a Brimstone Fiend
  1629 | D        | Noticed a Brimstone Fiend
  1629 | D        | Noticed a Brimstone Fiend
  1630 | D        | Killed a Brimstone Fiend
  1630 | D        | Killed a Brimstone Fiend
  1630 | D        | Killed a Brimstone Fiend
  1630 | D        | Killed a Brimstone Fiend
  1630 | D        | Killed a hellephant
  1630 | D        | Killed a Brimstone Fiend
  1630 | D        | Killed a searing wretch
  1630 | D        | Killed a searing wretch
  1630 | D        | Killed a searing wretch
  1630 | D        | Killed a searing wretch
  1630 | D        | Killed a searing wretch
  1630 | D        | Killed a searing wretch
  1630 | D        | Killed a searing wretch
  1630 | D        | Killed a searing wretch
  1631 | D        | Killed a searing wretch
  1631 | D        | Killed a searing wretch
  1631 | D        | Killed a searing wretch
  1632 | D        | Reached XP level 18. HP: 162/170 MP: 25/43
  1634 | D        | Killed a searing wretch
  1635 | D        | Reached skill level 27 in Evocations
  1635 | D        | Killed a hellephant
  1635 | D        | Killed a hellephant
  1635 | D        | Killed a hellephant
  1714 | D        | Found a transporter.
  1714 | D        | Found the +5 woodcutter's axe
  1719 | D        | Got the Incunable of Misfortune
  1745 | D        | Got Loepnid's Compilation of Arctic Sidekicks
  1749 | D        | Got the Codex of Metamorphic Aeromancy
  1775 | D        | Entered arena 25.
  1782 | D        | Found the +3 pair of mountain boots {steadfast, rC+}
  1783 | D        | Paralysed by a floating eye for 4 turns
  1791 | D        | Found the +4 Cigotuvi's embrace {Corpsefed rMiasma Drain
                  | rN+}
  1791 | D        | Found the +2 Maxwell's thermic engine {flame, freeze, rev}
  1794 | D        | Found a transporter.
  1794 | D        | Gained mutation: Your magical capacity is low. (-10% MP) [a
                  | shining eye]
  1816 | D        | Got the ring "Niafi" {Wiz Dex+4}
  1854 | D        | Got Kikubaaqudgha's Atlas of Debased Words
  1858 | D        | Got the Handbook of Cold Formation
  1866 | D        | Entered arena 26.
  1873 | D        | Noticed a shard shrike
  1874 | D        | Noticed an Ice Fiend
  1874 | D        | Noticed an Ice Fiend
  1874 | D        | Noticed a shard shrike
  1875 | D        | Killed an Ice Fiend
  1875 | D        | Killed a shard shrike
  1875 | D        | Killed a shard shrike
  1875 | D        | Killed an Ice Fiend
  1875 | D        | Noticed an Ice Fiend
  1875 | D        | Noticed an Ice Fiend
  1875 | D        | Noticed an Ice Fiend
  1876 | D        | Paralysed by a wendigo for 1 turns
  1876 | D        | Noticed an Ice Fiend
  1877 | D        | Noticed an Ice Fiend
  1877 | D        | Noticed an Ice Fiend
  1878 | D        | Killed an Ice Fiend
  1878 | D        | Killed an Ice Fiend
  1878 | D        | Killed an Ice Fiend
  1879 | D        | Reached skill level 27 in Ranged Weapons
  1879 | D        | Reached skill level 27 in Shields
  1879 | D        | Noticed an Ice Fiend
  1881 | D        | Noticed a shard shrike
  1881 | D        | Noticed an Ice Fiend
  1882 | D        | Killed a shard shrike
  1882 | D        | Killed an Ice Fiend
  1882 | D        | Killed an Ice Fiend
  1882 | D        | Killed an Ice Fiend
  1882 | D        | Killed an Ice Fiend
  1882 | D        | Killed an Ice Fiend
  1883 | D        | Reached XP level 19. HP: 84/183 MP: 18/42
  1887 | D        | Found a transporter.
  1888 | D        | Killed a shard shrike
  1932 | D        | Got Fotodob's Octavo of Evil and Causimancy
  2056 | D        | Entered arena 27.
  2066 | D        | Found the +8 autumn katana {manifold assault}
  2066 | D        | Noticed an Ice Fiend
  2067 | D        | Found the +5 demon whip "Spellbinder" {antimagic, disrupt,
                  | Will+}
  2067 | D        | Noticed an Ice Fiend
  2068 | D        | Killed an Ice Fiend
  2068 | D        | Killed an Ice Fiend
  2068 | D        | Killed an Ice Fiend
  2069 | D        | Reached skill level 27 in Invocations
  2069 | D        | Noticed an Ice Fiend
  2070 | D        | Found the +5 Storm Queen's Shield {shock, Fly rElec}
  2071 | D        | Killed an Ice Fiend
  2072 | D        | Reached skill level 27 in Stealth
  2072 | D        | Found a transporter.
  2106 | D        | Got Sif Muna's Handbook of Metamorphic Enchantment
  2219 | D        | Entered arena 28.
  2228 | D        | Found the +3 giant club "Skullcrusher" {speed, Str+7}
  2231 | D        | Reached skill level 27 in Fighting
  2231 | D        | Reached skill level 27 in Armour
  2235 | D        | Found a transporter.
  2235 | D        | Found the +8 Vampire's Tooth {megavamp}
  2243 | D        | Reached skill level 27 in Axes
  2243 | D        | Reached skill level 27 in Dodging
  2243 | D        | Reached XP level 20. HP: 197/197 MP: 30/45
  2288 | D        | Got the Anthology of the Arenous Switch
  2290 | D        | Got the Catalogue of Disjunct Fire
  2308 | D        | Got Zoed's Tome of Galvanic Incandescence
  2350 | D        | Got Dispater's Essays on Convocation
  2368 | D        | Got Sif Muna's Handbook of Elliptic Toxicants
  2390 | D        | Got the Orb of Zot
  2860 | D        | Noticed Eghuroc the pandemonium lord
  2860 | D        | Noticed a Brimstone Fiend
  2862 | D        | Killed a Brimstone Fiend
  2863 | D        | Reached skill level 27 in Necromancy
  2866 | D        | Reached skill level 27 in Spellcasting
  2884 | D        | Killed Eghuroc the pandemonium lord
  3002 | D        | Noticed a hellephant
  3009 | D        | Killed a hellephant
  3010 | D        | Reached skill level 27 in Short Blades
  3010 | D        | Reached skill level 27 in Long Blades
  3010 | D        | Reached skill level 27 in Maces & Flails
  3010 | D        | Reached skill level 27 in Polearms
  3010 | D        | Reached skill level 27 in Staves
  3010 | D        | Reached skill level 27 in Throwing
  3010 | D        | Reached skill level 27 in Unarmed Combat
  4024 | D        | Noticed a seraph
  4033 | D        | Killed a seraph
  4841 | D        | Noticed Lipn the pandemonium lord
  4849 | D        | Killed Lipn the pandemonium lord
  5126 | D        | Gained mutation: You are clumsy. (Dex -2) [a neqoxec]
  5349 | D        | Reached skill level 27 in Transmutations
  5382 | D        | Noticed a seraph
  5394 | D        | Killed a seraph
  5552 | D        | Noticed a Tzitzimitl
  5557 | D        | Killed a Tzitzimitl
  7981 | D        | Noticed Iraent the pandemonium lord
  7990 | D        | Killed Iraent the pandemonium lord
  8208 | D        | Noticed Evemik the pandemonium lord
  8244 | D        | Killed Evemik the pandemonium lord
  8628 | D        | Noticed a Tzitzimitl
  8638 | D        | Killed a Tzitzimitl
  8926 | D        | Noticed a Tzitzimitl
  8935 | D        | Killed a Tzitzimitl
  9144 | D        | Gained mutation: Your body sometimes deteriorates upon
                  | taking damage. [a cacodemon]
  9387 | D        | Reached skill level 27 in Conjurations
  9387 | D        | Reached skill level 27 in Hexes
  9387 | D        | Reached skill level 27 in Summonings
  9387 | D        | Reached skill level 27 in Translocations
  9387 | D        | Reached skill level 27 in Fire Magic
  9387 | D        | Reached skill level 27 in Ice Magic
  9387 | D        | Reached skill level 27 in Air Magic
  9387 | D        | Reached skill level 27 in Earth Magic
  9387 | D        | Reached skill level 27 in Poison Magic
  9387 | D        | Reached skill level 27 in Shapeshifting
  9387 | D        | Reached XP level 21. HP: 204/204 MP: 46/46
  9911 | D        | Escaped with the Orb!

Illustrated notes

Levels and vault maps discovered:
D:        sprint_v [room_start, room_1, room_2, room_3, room_4, room_5, room_6,
          room_7, room_8, room_9, room_10, room_11, room_12, room_13, room_14,
          room_15, room_16, room_17, room_18, room_19, room_20, room_21,
          room_22, room_23, room_24, room_25, room_26, room_27]

Skill      XL: |  1  2  3  4  5  6  7  8  9 10 11 12 13 14 15 16 17 18 19 20 |
---------------+-------------------------------------------------------------+-----
Fighting       | 7 8 9 10 12 14 15 17 18 21 22 25 27 | 27.0
Short Blades   | 2 5 6 8 10 11 12 14 16 17 20 21 24 26 27 | 27.0
Long Blades    | 2 5 6 8 10 11 12 14 16 17 20 21 24 26 27 | 27.0
Axes           | 7 8 9 10 12 14 15 17 18 21 22 25 27 | 27.0
Maces & Flails | 2 5 6 8 10 11 12 14 16 17 20 21 24 26 27 | 27.0
Polearms       | 2 5 6 8 10 11 12 14 16 17 20 21 24 26 27 | 27.0
Staves         | 2 5 6 8 10 11 12 14 16 17 20 21 24 26 27 | 27.0
Ranged Weapons | 2 5 6 8 10 11 12 14 16 17 21 24 27 | 27.0
Throwing       | 2 5 6 8 10 11 12 14 16 17 20 21 24 26 27 | 27.0
Armour         | 2 5 6 8 10 11 12 14 16 17 20 21 24 27 | 27.0
Dodging        | 7 8 9 10 12 14 15 17 18 21 22 25 27 | 27.0
Stealth        | 2 5 6 8 10 11 12 14 16 17 20 21 25 27 | 27.0
Shields        | 2 5 6 8 10 11 12 14 16 17 21 24 27 | 27.0
Unarmed Combat | 2 5 6 8 10 11 12 14 16 17 20 21 24 26 27 | 27.0
Spellcasting   | 2 5 6 8 10 11 12 14 16 17 20 21 24 26 27 | 27.0
Conjurations   | 2 4 5 6 7 8 9 10 12 13 15 17 18 20 22 27 | 27.0
Hexes          | 2 4 5 6 7 8 9 10 12 13 15 17 18 20 22 27 | 27.0
Summonings     | 2 4 5 6 7 8 9 10 12 13 15 17 18 20 22 27 | 27.0
Necromancy     | 2 4 5 6 7 8 9 10 12 13 15 17 19 23 26 27 | 27.0
Translocations | 2 4 5 6 7 8 9 10 12 13 15 17 18 20 22 27 | 27.0
Transmutations | 2 4 5 6 7 8 9 10 12 13 15 17 18 20 23 27 | 27.0
Fire Magic     | 2 4 5 6 7 8 9 10 12 13 15 17 18 20 22 27 | 27.0
Ice Magic      | 2 4 5 6 7 8 9 10 12 13 15 17 18 20 22 27 | 27.0
Air Magic      | 2 4 5 6 7 8 9 10 12 13 15 17 18 20 22 27 | 27.0
Earth Magic    | 2 4 5 6 7 8 9 10 12 13 15 17 18 20 22 27 | 27.0
Poison Magic   | 2 4 5 6 7 8 9 10 12 13 15 17 18 20 22 27 | 27.0
Invocations    | 2 5 6 7 8 9 11 12 13 15 17 19 21 23 26 27 | 27.0
Evocations     | 2 5 6 8 10 11 12 14 17 20 24 26 27 | 27.0
Shapeshifting  | 2 4 5 6 7 8 9 10 12 13 15 17 18 20 22 27 | 27.0

Action                     |  1- 3 |  4- 6 |  7- 9 | 10-12 | 13-15 | 16-18 | 19-21 || total
---------------------------+-------+-------+-------+-------+-------+-------+-------++-------
  Melee: Broad axe         |     7 |     1 |    17 |    46 |    57 |    42 |   306 ||   476
         Bite              |       |       |     3 |     5 |     5 |     8 |    44 ||    65
 Invoke: Disaster Area     |       |       |       |     5 |    18 |    15 |     5 ||    43
         Elemental Force   |       |       |       |     1 |     1 |     1 |     1 ||     4
Ability: Breathe Fire      |       |       |       |       |     1 |       |       ||     1
         Begin Untransform |       |       |       |       |     1 |       |       ||     1
    Use: Potion            |     1 |       |       |     4 |    10 |    11 |     5 ||    31
   Stab: Distracted        |       |     1 |       |       |       |       |     5 ||     6
         Invisible         |       |       |       |     6 |       |       |       ||     6
         Paralysed         |       |       |       |       |       |     2 |       ||     2
 Armour: Gold dragon scale |     5 |       |     7 |    18 |    35 |    18 |    39 ||   122
  Dodge: Dodged            |       |       |     1 |     3 |     6 |     5 |    20 ||    35
         Repelled          |       |       |       |       |     2 |     3 |     2 ||     7
  Block: Kite shield       |    15 |     1 |    29 |   101 |   111 |    59 |   274 ||   590
   Form: Dragon            |       |       |       |       |     1 |       |       ||     1

Table legend: (Time is in decaauts)
 A = Elapsed time spent in this place.
 B = Non-inter-level travel time spent in this place.
 C = Inter-level travel time spent in this place.
 D = Time resting spent in this place.
 E = Time spent auto-exploring this place.
 F = Levels seen in this place.
 G = Mean time per level.
                   A        B        C        D        E       F      G
               +--------+--------+--------+--------+--------+-----+--------+
         Total |   9726 |   9719 |      7 |   7804 |      0 |   1 | 9726.0 |
       Dungeon |   9726 |   9719 |      7 |   7804 |      0 |   1 | 9726.0 |
               +--------+--------+--------+--------+--------+-----+--------+

Top non-repeatable levels by time:
       D: 9726 daAuts
